Map: World of Sleepers LE

Players

ViBE - Winner!

  • Race: Zerg Zerg
  • League: Diamond
  • Spawn Location: 7:00

Kallisti

  • Race: Zerg Zerg
  • League: Platinum
  • Spawn Location: 1:00

VOD

Have the link to the VOD?

Description

Time

  • Played on: Dec. 15, 2019, 12:22 a.m.
  • Length: 17:58
Show
View Real Time Build Order
Export as new Build Order

ViBE Zerg - Winner!

Build Orders: Hatch First, Lurkers 

Get SALT Encoding   

  12  0:01  Drone  
  13  0:12  Overlord  
  13  0:18  Drone  
  14  0:31  Drone x2  
  16  0:49  Hatchery  
  15  0:54  Drone  
  16  0:59  Drone  
  16  1:02  Drone  
  18  1:11  Drone  
  19  1:17  Spawning Pool  
  18  1:20  Drone  
  18  1:24  Extractor  
  18  1:33  Drone  
  20  1:40  Drone  
  20  2:05  Queen  
  20  2:08  Queen  
  24  2:09  Drone  
  24  2:10  Zergling x4  
  27  2:28  Drone  
  27  2:29  Overlord  
  28  2:31  Overlord  
  28  2:46  Lair  
  28  2:47  Queen, Drone x5  
  35  2:54  Drone  
  36  3:03  Drone  
  36  3:05  Drone  
  38  3:13  Drone  
  38  3:14  Roach Warren  
  38  3:19  Drone  
  38  3:20  Drone x2  
  38  3:21  Drone  
  38  3:22  Drone x2  
  38  3:24  Overlord  
  43  3:30  Evolution Chamber  
  42  3:34  Evolution Chamber  
  42  3:38  Evolution Chamber  
  42  3:41  Drone x2  
  42  3:47  Drone  
  44  3:49  Extractor  
  44  3:51  Extractor  
  42  4:00  Drone  
  42  4:01  Drone x6  
  42  4:02  Glial Reconstitution, Zerg Missile Weapons Level 1  
  49  4:13  Overlord  
  49  4:28  Roach, Overlord x2  
  51  4:32  Hatchery, Roach  
  51  4:33  Roach x3  
  51  4:36  Overlord  
  58  4:38  Overlord  
  58  4:50  Roach x2  
  58  4:51  Roach x2  
  58  4:52  Drone  
  67  4:53  Drone  
  67  4:57  Drone  
  69  5:05  Drone x2  
  71  5:15  Drone x2, Queen  
  71  5:19  Drone x6  
  81  5:32  Overlord  
  81  5:36  Drone  
  82  5:43  Drone x2  
  84  5:50  Hydralisk Den, Drone x7  
  84  5:57  Overseer  
  90  5:59  Extractor  
  90  6:00  Drone x2  
  90  6:01  Drone  
  90  6:02  Drone  
  90  6:04  Drone  
  94  6:06  Extractor x2  
  94  6:08  Drone  
  93  6:13  Roach x2  
  97  6:19  Roach x2  
  97  6:20  Roach x2, Overlord  
  97  6:21  Overlord x4  
  105  6:27  Zerg Missile Weapons Level 2  
  105  6:28  Zerg Ground Armor Level 1  
  105  6:32  Overlord x2  
  105  6:40  Roach  
  105  6:41  Roach x3  
  105  6:43  Roach  
  105  6:44  Roach x2  
  119  6:47  Hatchery, Roach x2  
  119  6:48  Roach  
  119  6:49  Roach  
  128  6:54  Roach x2  
  128  6:57  Roach  
  130  7:01  Roach  
  130  7:02  Roach x4  
  130  7:08  Roach x2  
  144  7:14  Ravager  
  132  7:20  Roach x5  
  141  7:32  Drone  
  141  7:33  Lurker Den  
  141  7:34  Drone  
  142  7:38  Overlord x4  
  142  7:55  Roach x4  
  142  7:56  Roach x5  
  160  8:09  Roach  
  160  8:10  Roach x3  
  160  8:12  Roach x2  
  178  8:13  Roach x3  
  178  8:23  Overlord x3  
  178  8:30  Roach  
  178  8:31  Roach x2  
  178  8:32  Overlord x2  
  184  8:37  Zerg Ground Armor Level 2  
  184  8:41  Infestation Pit  
  183  8:43  Roach  
  183  8:44  Roach x5, Drone  
  183  8:45  Roach  
  198  8:50  Roach  
  200  9:16  Hydralisk x4  
  194  9:19  Hydralisk  
  194  9:20  Hydralisk  
  194  9:23  Hive  
  196  9:28  Hydralisk x3  
  196  10:07  Grooved Spines  
  166  10:15  Lurker x3  
  166  10:16  Lurker  
  166  10:17  Drone x15  
  166  10:18  Drone x8  
  173  10:23  Extractor  
  173  10:25  Spine Crawler x3  
  173  10:26  Spine Crawler  
  154  10:29  Spine Crawler x2  
  154  10:30  Spine Crawler, Drone x4  
  154  10:31  Spine Crawler  
  154  10:34  Hydralisk x13  
  138  10:56  Hatchery  
  131  10:58  Hydralisk  
  131  10:59  Hydralisk x9  
  131  11:00  Hydralisk  
  151  11:07  Zerg Missile Weapons Level 3  
  151  11:10  Zerg Ground Armor Level 3  
  151  11:19  Muscular Augments  
  151  11:20  Spore Crawler  
  151  11:23  Adaptive Talons  
  150  11:27  Spore Crawler  
  149  11:46  Hydralisk x3  
  149  11:47  Hydralisk x9  
  173  12:05  Hydralisk x7  
  173  12:07  Hydralisk  
  189  12:12  Extractor  
  189  12:14  Extractor  
  189  12:15  Spine Crawler  
  186  12:16  Spine Crawler x3  
  186  12:18  Spine Crawler  
  186  12:20  Drone x3, Seismic Spines  
  186  12:21  Drone x3  
  186  12:22  Spore Crawler  
  187  12:25  Drone x4  
  187  12:26  Drone  
  187  12:29  Lurker x4  
  196  12:34  Lurker  
  197  12:39  Lurker  
  198  12:44  Lurker  
  198  12:49  Lurker  
  200  13:18  Overseer  
  200  13:19  Hatchery  
  199  13:20  Overseer  
  199  13:24  Overseer  
  199  13:40  Pneumatized Carapace  
  199  13:55  Drone  
  200  14:11  Spire  
  200  14:12  Drone  
  200  14:17  Metabolic Boost  
  197  15:27  Greater Spire  
  190  15:33  Spine Crawler  
  190  15:34  Spine Crawler  
  190  15:35  Spine Crawler x4  
  185  15:37  Spine Crawler  
  185  15:38  Spine Crawler  
  185  15:42  Corruptor x11  
  166  15:43  Corruptor  
  178  16:07  Drone x23  
  174  16:41  Brood Lord x11  
  174  16:42  Brood Lord  
  196  17:14  Overlord x4  
  196  17:19  Spawning Pool  
Show
View Real Time Build Order
Export as new Build Order

Kallisti Zerg 

Build Orders: Hatch First, Lurkers, Roach Hydra 

Get SALT Encoding   

  12  0:01  Drone  
  13  0:12  Overlord  
  13  0:16  Drone  
  14  0:31  Drone x2  
  16  0:50  Hatchery  
  16  0:52  Drone  
  16  0:55  Drone  
  18  1:04  Drone  
  18  1:10  Extractor  
  17  1:15  Spawning Pool  
  16  1:21  Drone x2  
  18  1:29  Drone  
  19  1:39  Overlord  
  19  1:57  Drone  
  20  2:02  Queen x2  
  20  2:03  Zergling x2  
  20  2:04  Zergling x2  
  26  2:11  Drone  
  26  2:13  Drone  
  28  2:16  Metabolic Boost  
  28  2:28  Drone x2  
  30  2:36  Drone x2  
  32  2:44  Queen  
  34  2:53  Drone x2  
  36  3:00  Roach Warren  
  36  3:04  Evolution Chamber  
  34  3:06  Evolution Chamber  
  34  3:09  Drone  
  34  3:10  Drone x2, Overlord  
  35  3:20  Overlord  
  35  3:22  Drone  
  36  3:34  Drone  
  36  3:35  Drone  
  36  3:36  Drone  
  36  3:38  Drone  
  36  3:40  Hatchery  
  39  3:42  Drone x2  
  40  3:52  Drone  
  40  3:53  Drone x4  
  45  3:57  Extractor  
  45  3:58  Extractor, Zerg Missile Weapons Level 1  
  43  4:05  Overlord  
  43  4:08  Drone x3  
  46  4:15  Zerg Ground Armor Level 1  
  46  4:25  Drone  
  46  4:26  Drone  
  46  4:27  Drone x3  
  46  4:29  Extractor  
  50  4:32  Lair  
  50  4:39  Drone  
  50  4:40  Drone  
  50  4:41  Drone  
  53  4:48  Roach x3  
  53  4:50  Overlord x2  
  59  4:58  Queen  
  61  5:06  Roach x2  
  65  5:09  Roach x4  
  73  5:20  Drone  
  74  5:22  Roach x4  
  74  5:23  Overlord  
  82  5:39  Overlord  
  82  5:40  Overlord x2  
  82  5:47  Overlord x3  
  82  5:48  Roach x3  
  82  5:49  Roach  
  90  5:57  Zerg Missile Weapons Level 2  
  90  5:58  Glial Reconstitution  
  92  6:04  Roach x4  
  98  6:14  Ravager x2  
  98  6:15  Ravager x2  
  102  6:24  Drone  
  102  6:25  Drone x9  
  112  6:28  Overlord x2  
  112  6:30  Overlord  
  112  6:48  Zerg Ground Armor Level 2  
  112  6:50  Drone x6  
  112  6:51  Drone x2  
  112  6:53  Extractor x2  
  116  7:09  Roach  
  116  7:10  Roach x7  
  122  7:20  Roach x2  
  122  7:21  Roach x5  
  136  7:31  Drone x2  
  138  7:40  Zergling x12, Infestation Pit  
  138  7:41  Hydralisk Den  
  142  7:49  Roach x7  
  156  7:55  Queen  
  158  8:07  Ravager x3  
  158  8:08  Ravager  
  158  8:10  Overlord x8  
  162  8:13  Muscular Augments  
  162  8:28  Hydralisk x4  
  170  8:36  Lurker Den  
  164  8:44  Hatchery  
  164  8:47  Zerg Melee Weapons Level 1  
  162  8:52  Hydralisk  
  162  8:53  Hydralisk x4  
  162  8:55  Overseer  
  155  9:17  Extractor  
  155  9:18  Extractor  
  114  9:24  Grooved Spines  
  114  9:27  Roach  
  114  9:28  Roach x17  
  120  9:44  Lurker x3  
  123  9:48  Hydralisk x2  
  116  10:10  Hydralisk  
  116  10:11  Hydralisk x6  
  113  10:20  Hydralisk x2  
  101  10:24  Roach x2  
  87  10:50  Roach x8  
  87  10:53  Queen  
  105  10:59  Roach  
  105  11:00  Roach x6  
  119  11:07  Hatchery  
  119  11:08  Drone  
  119  11:16  Drone  
  119  11:17  Roach  
  119  11:18  Roach, Queen  
  128  11:36  Hive  
  128  11:38  Zerg Melee Weapons Level 2  
  126  11:42  Lurker  
  127  11:54  Overseer  
  127  11:57  Drone x15  
  142  12:18  Extractor  
  142  12:20  Hydralisk x8  
  157  12:23  Extractor  
  156  12:57  Lurker x3  
  159  13:03  Adaptive Talons  
  159  13:10  Drone  
  159  13:11  Drone x4  
  164  13:19  Overlord x2  
  164  13:21  Viper  
  167  13:31  Viper  
  170  13:42  Overseer  
  170  14:01  Roach x15  
  200  14:22  Hatchery  
  199  14:27  Hatchery  
  198  14:59  Overseer  
  195  15:18  Roach x9  
  195  15:19  Roach x7  
  195  15:20  Hydralisk  
  195  15:21  Hydralisk x6  
  142  15:56  Hydralisk x8  
  142  16:05  Drone x3  
  145  16:18  Hydralisk x2  
  136  16:22  Hatchery  
  113  16:32  Hatchery  
  113  16:34  Hatchery  
  96  16:47  Hatchery  
  96  16:49  Spawning Pool  
  94  16:54  Spawning Pool  
Tags
 
Add a new tag
Caveats
  • Supply blocks, unpowered buildings, or Contaminate may cause inaccurate times.
  • Supply counts are checked every 10 seconds.